 Dungeon Crawl Stone Soup version 0.22-a0-248-gc8378ba (webtiles) character file.

389 sankara the Cudgeler (level 6, -3/51 HPs)
             Began as a Hill Orc Fighter on Feb 28, 2018.
             Killed by divine providence
             ... invoked by an orc priest
              (17 damage)
             ... on level 4 of the Dungeon.
             The game lasted 00:07:49 (3067 turns).

sankara the Cudgeler (Hill Orc Fighter)             Turns: 3067, Time: 00:07:49

Health: -3/51      AC: 11    Str: 19    XL:     6   Next: 79%
Magic:  15/15      EV:  7    Int: 10    God:
Gold:   109        SH:  9    Dex: 10    Spells: 5/5 levels left

rFire    . . .     SeeInvis .   a - +0 flail
rCold    . . .     Gourm    .   c - +0 shield
rNeg     . . .     Faith    .   r - +0 scale mail
rPois    .         Spirit   .   p - +0 helmet
rElec    .         Reflect  .   k - +2 cloak
rCorr    .         Harm     .   (no gloves)
MR       .....                  (no boots)
Stlth    ..........             (no amulet)
HPRegen  0.17/turn              u - ring of magical power {MP+9}
MPRegen  0.14/turn              (no ring)

@: no status effects
A: no striking features
a: Convert to Beogh


You were on level 4 of the Dungeon.
You were not hungry.

You visited 1 branch of the dungeon, and saw 4 of its levels.

You collected 109 gold pieces.

Inventory:

Hand Weapons
 a - a +0 flail (weapon)
 b - a +0 hunting sling
   (You found it on level 2 of the Dungeon)
Missiles
 e - 131 stones (quivered)
 j - 21 sling bullets
 z - 5 tomahawks
Armour
 c - a +0 shield (worn)
 k - a +2 cloak (worn)
   (You found it on level 1 of the Dungeon)
 p - a +0 helmet (worn)
   (You found it on level 2 of the Dungeon)
 r - a +0 scale mail (worn)
Jewellery
 u - a ring of magical power (left hand) {MP+9}
   (You found it on level 2 of the Dungeon)
Wands
 v - a wand of random effects (21)
   (You found it on level 2 of the Dungeon)
Scrolls
 l - 2 scrolls of blinking {unknown}
 o - 2 scrolls of teleportation {unknown}
 q - 2 scrolls of noise {unknown}
 y - 2 scrolls of identify {unknown}
Potions
 d - a potion of might
 g - 2 potions of haste {unknown}
 i - a potion of degeneration {unknown}
 m - a potion of curing {unknown}
 n - a potion of agility {unknown}
 s - a potion of resistance {unknown}
 t - a potion of heal wounds {unknown}
 w - a potion of berserk rage {unknown}
 x - a potion of flight {unknown}
Comestibles
 f - 7 rations
 h - 2 chunks of flesh {@w0}


   Skills:
 - Level 3.6 Fighting
 + Level 7.7 Maces & Flails
 - Level 3.2 Armour
 - Level 3.2 Shields


You had 5 spell levels left.
You didn't know any spells.

Dungeon Overview and Level Annotations

Branches:
Dungeon (4/15)
 Temple: D:4-7

Altars:
Makhleb


Message History

j - 24 sling bullets (gained 2)
j - 27 sling bullets (gained 3)
j - 28 sling bullets (gained 1)
o - 2 scrolls labeled BEIMAO KIEM (gained 1)
e - 131 stones (gained 9)
An orc priest comes into view. It is wielding a short sword.
The orc priest shouts, "Surrender to Beogh and we'll let you live!" (press Y on the ability menu to convert to Beogh)
The orc priest shouts!
Okay, then.
Firing (i - inventory. (/) - cycle)
j - 28 sling bullets (quivered)
Press: ? - help, Shift-Dir - straight line, f - orc priest
Aim: an orc priest, wielding a short sword and wearing a chain mail You shoot a sling bullet.
The sling bullet hits the orc priest but does no damage.
Firing (i - inventory. (/) - cycle)
j - 27 sling bullets (quivered)
Press: ? - help, Shift-Dir - straight line, f/p - orc priest
Aim: an orc priest, wielding a short sword and wearing a chain mail You shoot a sling bullet.
The sling bullet hits the orc priest but does no damage.
An orc comes into view. It is wielding an enchanted mace.
Firing (i - inventory. (/) - cycle)
j - 26 sling bullets (quivered)
Press: ? - help, Shift-Dir - straight line, f/p - orc priest
Aim: an orc priest, wielding a short sword and wearing a chain mail You shoot a sling bullet.
The sling bullet closely misses the orc priest.
The orc shouts!
The orc priest invokes the aid of Beogh against you.
Pain shoots through your body!
Firing (i - inventory. (/) - cycle)
j - 25 sling bullets (quivered)
Press: ? - help, Shift-Dir - straight line, f/p - orc priest
Aim: an orc priest, wielding a short sword and wearing a chain mail You shoot a sling bullet.
The sling bullet closely misses the orc priest.
The sling bullet hits the orc.
The orc is severely wounded.
The orc priest looks satisfied for a moment.
Firing (i - inventory. (/) - cycle)
j - 24 sling bullets (quivered)
Press: ? - help, Shift-Dir - straight line, f/p - orc priest
Aim: an orc priest, wielding a short sword and wearing a chain mail You shoot a sling bullet.
The sling bullet hits the orc priest but does no damage.
An orc comes into view. It is wielding a club.
Firing (i - inventory. (/) - cycle)
j - 23 sling bullets (quivered)
Press: ? - help, Shift-Dir - straight line, f/p - orc priest
Aim: an orc priest, wielding a short sword and wearing a chain mail You shoot a sling bullet.
The sling bullet barely misses the orc priest.
The orc shouts!
The sling bullet hits the orc.
You kill the orc!
The orc priest hits you but does no damage.
Firing (i - inventory. (/) - cycle)
j - 22 sling bullets (quivered)
Press: ? - help, Shift-Dir - straight line, f/p - orc priest
Aim: an orc priest, wielding a short sword and wearing a chain mail You shoot a sling bullet.
The sling bullet hits the orc priest.
The orc priest is moderately wounded.
The orc priest hits you but does no damage.
a - a +0 flail (weapon)
You block the orc priest's attack.
You closely miss the orc priest.
The orc priest is moderately wounded.
You block the orc priest's attack.
You hit the orc priest.
The orc priest is moderately wounded.
The orc priest threatens, "By the altar or by the axe, you will meet Beogh!"
You block the orc priest's attack.
You hit the orc priest but do no damage.
The orc priest is moderately wounded.
The orc priest hits you but does no damage.
You hit the orc priest but do no damage.
The orc priest is moderately wounded.
The orc priest shouts, "Surrender to Beogh and we'll let you live!"
The orc priest calls down the wrath of Beogh upon you.
Pain shoots through your body! You block the orc's attack.
You hit the orc priest but do no damage.
The orc priest is moderately wounded.
The orc priest calls down the wrath of Beogh upon you.
Pain shoots through your body! You block the orc's attack.
You are too injured to fight recklessly!
You are too injured to fight recklessly!
You are too injured to fight recklessly!
You barely miss the orc priest.
The orc priest threatens, "By the altar or by the axe, you will meet Beogh!"
The orc priest is moderately wounded.
The orc priest mumbles some strange prayers to Beogh against you.
Beogh smites you!
The orc priest shouts, "Surrender to Beogh and we'll let you live!"
You hit the orc priest.
The orc priest is moderately wounded.
The orc priest hits you but does no damage.
You sock the orc priest!
The orc priest is almost dead.
The orc priest hits you with a short sword.
* * * LOW HITPOINT WARNING * * *
You completely miss the orc priest.
The orc priest is almost dead.
The orc priest invokes the aid of Beogh against you.
Beogh smites you!
You die...

## #. #. ###
#. #..
.#.###.#####
#.#
(((.(.oo@..#
#.#
.#.###.###.#
#.#
#.###.###.#
#.#
#.........#
#.#
#####.#####
#..
#.########
###
#........#
#..#####.#
#..#####.#
###


You could see an orc priest and an orc.

Vanquished Creatures
  An ogre (D:4)
  A scorpion (D:2)
  A hound (D:4)
  An orc wizard (D:4)
  Natasha (twice) (D:4)
  2 worker ants (D:4)
  3 adders
  An ooze (D:1)
  A worm (D:2)
  A dart slug (D:2)
  5 orcs (D:4)
  A ball python (D:2)
  A giant cockroach (D:1)
  9 hobgoblins
  7 jackals (D:4)
  10 kobolds
  A quokka (D:2)
  5 bats
  A frilled lizard (D:1)
  8 goblins
  5 rats (D:1)
67 creatures vanquished.

Notes
Turn   | Place    | Note
-------+----------+-------------------------------------------
     0 | D:1      | sankara the Hill Orc Fighter began the quest for the Orb.
     0 | D:1      | Reached XP level 1. HP: 19/19 MP: 1/1
   271 | D:1      | Reached skill level 3 in Maces & Flails
   271 | D:1      | Reached XP level 2. HP: 26/26 MP: 2/2
   638 | D:1      | Reached XP level 3. HP: 31/31 MP: 3/3
   770 | D:1      | Reached skill level 4 in Maces & Flails
  1217 | D:2      | Reached XP level 4. HP: 39/39 MP: 4/4
  1365 | D:2      | Reached skill level 5 in Maces & Flails
  1495 | D:2      | Reached XP level 5. HP: 44/45 MP: 5/5
  2029 | D:3      | Found a burning altar of Makhleb.
  2114 | D:4      | Reached skill level 6 in Maces & Flails
  2346 | D:4      | Noticed an ogre
  2353 | D:4      | Killed an ogre
  2353 | D:4      | Reached XP level 6. HP: 35/51 MP: 6/6
  2473 | D:4      | Noticed Natasha
  2479 | D:4      | Killed Natasha
  2542 | D:4      | Reached skill level 7 in Maces & Flails
  2880 | D:4      | Noticed Natasha
  2890 | D:4      | Killed Natasha
  3067 | D:4      | Killed from afar by an orc priest

Vault maps used:
D:1:      dpeg_arrival_stone_temple_mockup
D:2:      first_ration
D:3:      lemuel_round_altar, lemuel_doored_altar, palyth_stone_intersect
D:4:      uniq_natasha

Skill      XL: |  1  2  3  4  5  6 |
---------------+-------------------+-----
Maces & Flails | 3 4 5 6 7 |  7.7
Fighting       | |  3.6
Armour         | |  3.2
Shields        | |  3.2

Action                   |  1- 3 |  4- 6 || total
-------------------------+-------+-------++-------
Melee: Flail             |   119 |   120 ||   239
 Fire: Hunting sling     |       |    42 ||    42
  Eat: Chunk             |     1 |     6 ||     7
Armor: Scale mail        |    49 |    67 ||   116
Dodge: Dodged            |    32 |    46 ||    78
Block: Shield            |    70 |    57 ||   127

Table legend:
 A = Spawn XP
 B = Non-spawn XP
 C = Spawn XP percentage of total XP
 D = Spawn monster count
 E = Non-spawn monster count
 F = Spawn count percentage of total count
 G = Total turns spent on level
                    A         B        C        D         E        F      G
               +---------+---------+-------+---------+---------+-------+---------
         Total |       0 |     556 |   0.0 |       0 |      67 |   0.0 |  3067
               +---------+---------+-------+---------+---------+-------+---------
           D:1 |       0 |      54 |   0.0 |       0 |      31 |   0.0 |  1085
           D:2 |       0 |     130 |   0.0 |       0 |      16 |   0.0 |   888
           D:4 |       0 |     372 |   0.0 |       0 |      20 |   0.0 |   991
               +---------+---------+-------+---------+---------+-------+---------

Vault maps used:
D:1:      dpeg_arrival_stone_temple_mockup
D:2:      first_ration
D:3:      lemuel_round_altar, lemuel_doored_altar, palyth_stone_intersect
D:4:      uniq_natasha

Table legend:
 A = Turns spent in this place as a percentage of turns spent in the entire game.
 B = Non-inter-level travel turns spent in this place as a percentage of non-inter-level travel turns spent in the entire game.
 C = Inter-level travel turns spent in this place as a percentage of turns spent in this place.
 D = Turns resting spent in this place as a percentage of non-inter-level travel turns spent in this place.
 E = Turns spent auto-exploring this place as a percentage of non-inter-level travel turns spent in this place.
 F = Non-inter-level travel turns spent in this place divided by the number of levels of this place that you've seen.
                   A       B       C       D       E      F
               +-------+-------+-------+-------+-------+----------------------
         Total | 100.0 | 100.0 |   3.0 |  25.5 |  55.0 | 743.8
       Dungeon | 100.0 | 100.0 |   3.0 |  25.5 |  55.0 | 743.8
               +-------+-------+-------+-------+-------+----------------------

Table legend:
 A = Kills in this place as a percentage of kills in entire the game.
 B = Kills by you in this place as a percentage of kills by you in the entire game.
 C = Kills by friends in this place as a percentage of kills by friends in the entire game.
 D = Other kills in this place as a percentage of other kills in the entire game.
 E = Experience gained in this place as a percentage of experience gained in the entire game.
 F = Experience gained in this place divided by the number of levels of this place that you have seen.
                   A       B       C       D       E      F
               +-------+-------+-------+-------+-------+----------------------
         Total | 100.0 | 100.0 |   N/A |   N/A | 100.0 | 139.0
       Dungeon | 100.0 | 100.0 |   N/A |   N/A | 100.0 | 139.0
               +-------+-------+-------+-------+-------+----------------------
